 Dungeon Crawl Stone Soup version 0.29.1-12-g30fa7ad0bf (webtiles) character file.

Game seed: 10894279075868885259

450 croobank the Conjurer (level 6, -2/45 HPs)
             Began as a Demonspawn Conjurer on Dec 27, 2022.
             Slain by an orc warrior
             ... wielding a +0 glaive
              (22 damage)
             ... on level 4 of the Dungeon.
             The game lasted 00:31:36 (4270 turns).

croobank the Conjurer (Demonspawn Conjurer)         Turns: 4270, Time: 00:31:36

Health: -2/45      AC:  2    Str: 14    XL:     6   Next: 74%
Magic:  1/10       EV: 12    Int: 21    God:
Gold:   190        SH:  6    Dex: 11    Spells: 1/11 levels left

rFire   + . .      SeeInvis .   y - +1 short sword (drain)
rCold   + + +      Faith    .   d - +2 buckler {rC+}
rNeg    . . .      Spirit   .   a - +0 robe
rPois   .          Reflect  .   (helmet restricted)
rElec   .          Harm     .   r - scarf {rC+ rF+}
rCorr   .          Rampage  .   (no gloves)
Will    .....                   (no boots)
Stlth   ++........              g - amulet of regeneration
HPRegen 0.95/turn               f - +6 ring of strength
MPRegen 0.12/turn               B - ring of protection from cold

@: very slightly contaminated
A: antennae 1, powered by death 1, spiny 1
a: no special abilities


You were on level 4 of the Dungeon.
You visited 1 branch of the dungeon, and saw 4 of its levels.

You collected 190 gold pieces.

Inventory:

Hand Weapons
 e - a +2 short sword
 i - a +0 sling
 j - a +0 spear
 q - a +0 flail
 v - a +0 scimitar
 x - a +0 war axe
 y - a +1 short sword of draining (weapon)
 A - a +0 whip of draining
Missiles
 m - 6 poisoned darts
Armour
 a - a +0 robe (worn)
 d - a +2 buckler of cold resistance (worn)
 k - a +0 leather armour
 r - a scarf of resistance (worn)
Magical Staves
 l - a staff of conjuration
 w - a staff of poison
Jewellery
 f - a +6 ring of strength (left hand)
 g - an amulet of regeneration (around neck)
 B - a ring of protection from cold (right hand)
 D - a ring of positive energy
Wands
 o - a wand of polymorph (5)
Scrolls
 s - a scroll of blinking
Potions
 b - 2 potions of magic
 c - 2 potions of attraction
 h - a potion of might
 n - a potion of curing
 p - a potion of resistance
 t - 2 potions of cancellation {unknown}
 u - 2 potions of brilliance {unknown}
 z - 2 potions of flight {unknown}
 E - a potion of degeneration {unknown}


   Skills:
 + Level 2.3 Fighting
 + Level 3.1 Dodging
 + Level 3.1 Stealth
 + Level 2.0 Shields
 + Level 3.2 Spellcasting
 + Level 4.9 Conjurations
 + Level 1.0 Hexes
 + Level 0.6 Translocations


You had one spell level left.
You knew the following spells:

 Your Spells              Type           Power      Damage    Failure   Level
a - Magic Dart            Conj           96%        1d7       2%          1
b - Searing Ray           Conj           48%        2d6       3%          2
c - Dazzling Flash        Conj/Hex       32%        N/A       16%         3
d - Iskenderun's Mystic   Conj/Tloc      15%        2d5       47%         4

Your spell library contained the following spells:

 Spells                   Type           Power      Damage    Failure   Level
 Gell's Gravitas          Tloc           6%         N/A       36%         3
 Lesser Beckoning         Tloc           6%         N/A       36%         3
 Teleport Other           Tloc           6%         N/A       36%         3
 Fulminant Prism          Conj/Hex       8%         3d7       45%         4


Dungeon Overview and Level Annotations

Branches:
Dungeon (4/15)
 Temple: D:4-7

Altars:
Cheibriados
Dithmenos
Hepliaklqana
Qazlal
Wu Jian
Xom

Shops:
D:3 (


Innate Abilities, Weirdness & Mutations

You have a pair of small antennae on your head.
You regenerate a little health from kills.
You are partially covered in sharp spines.


Message History

Press: ? - help, Shift-Dir - straight line, f/p - orc warrior
Aim: an orc warrior, wielding a +0 glaive and wearing a +0 chain mail (lightly wounded, 100% to hit)
Okay, then.
Casting: Magic Dart (safe; 2% risk of failure)
Confirm with . or Enter, or press ? or * to list all spells.
Aiming: Magic Dart (safe; 2% risk of failure)
Press: ? - help, Shift-Dir - straight line, f/p - orc warrior
Aim: an orc warrior, wielding a +0 glaive and wearing a +0 chain mail (lightly wounded, 100% to hit)
You feel a surge of power!
The magic dart hits the orc warrior.
The orc warrior is lightly wounded.
Casting: Magic Dart (safe; 2% risk of failure)
Confirm with . or Enter, or press ? or * to list all spells.
Aiming: Searing Ray (safe; 3% risk of failure)
Press: ? - help, Shift-Dir - straight line, f/p - orc warrior
Aim: an orc warrior, wielding a +0 glaive and wearing a +0 chain mail (lightly wounded, 78% to hit)
You feel a surge of power!
You miscast Searing Ray.
You are very lightly contaminated with residual magic.
Nothing appears to happen.
Casting: Searing Ray (safe; 3% risk of failure)
Confirm with . or Enter, or press ? or * to list all spells.
Casting: Dazzling Flash (dangerous; 16% risk of failure)
Press: ? - help, Dir - look around, f - activate You feel a surge of power!
The orc warrior is dazzled.
The orc warrior barely misses you.
You sense an unholy aura.
y - a +1 short sword of draining (weapon)
The orc warrior hits you with a +0 glaive!
You barely miss the orc warrior.
The orc warrior is lightly wounded.
The orc warrior hits you from afar with a +0 glaive!
Casting: Dazzling Flash (dangerous; 16% risk of failure)
Confirm with . or Enter, or press ? or * to list all spells.
Aiming: Searing Ray (safe; 3% risk of failure)
Press: ? - help, Shift-Dir - straight line, f - orc warrior
Aim: an orc warrior, wielding a +0 glaive and wearing a +0 chain mail (lightly wounded, blind, 77% to hit)
The searing ray hits the orc warrior.
The orc warrior is moderately wounded. (Press . to maintain the ray.)
The orc warrior hits you from afar with a +0 glaive!!
You die...

#............# ###.###..
#######............# ##...#
#.. #.................# #..###
#)# #................#
###.######<#
#........###.##.####...#
#....#
#........###.##..#...###
#.#### #.........##.###...###
#.## #...........o##.)..##
#..# ###...####....@<##..#
##.###
##8..8####.>#......#######...#
#....._# #.....###........##.#
###..### #....## ###..###.†#..
#_...._###....# ##.# ##..##
###..###....#.## #.# ##.#
#_.....#...##..### #.# #.#
###..#####..##...####.# #.##
#_...._# #....##...##.### #..#


You could see an orc warrior (blind).

Vanquished Creatures
  2 ogres
  A howler monkey (D:4)
  An orc priest (D:3)
  An iguana (D:4)
  Natasha (thrice) (D:2)
  5 adders
  An ufetubus (D:4)
  2 dart slugs
  4 orcs (D:3)
  4 ball pythons
  4 bats
  4 endoplasms
  A giant cockroach (D:2)
  8 goblins
  3 hobgoblins
  2 jackals (D:3)
  3 quokkas
  3 frilled lizards
  6 kobolds
  6 rats
64 creatures vanquished.

Notes
Turn   | Place    | Note
-------+----------+-------------------------------------------
     0 | D:1      | croobank the Demonspawn Conjurer began the quest for the
                  | Orb.
     0 | D:1      | Reached XP level 1. HP: 13/13 MP: 3/3
   296 | D:1      | Gained mutation: You have a pair of small antennae on your
                  | head. [demonic ancestry]
   296 | D:1      | Reached XP level 2. HP: 19/19 MP: 0/5
   299 | D:1      | Learned a level 2 spell: Searing Ray
   424 | D:1      | Found a faded altar of an unknown god.
   952 | D:2      | Gained mutation: You are partially covered in sharp spines.
                  | [demonic ancestry]
   952 | D:2      | Reached XP level 3. HP: 25/25 MP: 1/6
  1388 | D:2      | Noticed Natasha
  1390 | D:2      | Killed Natasha
  1391 | D:2      | Reached skill level 1 in Fighting
  1684 | D:2      | Identified 2 scrolls of acquirement
  1684 | D:2      | Acquired a +2 buckler of cold resistance
  1799 | D:2      | Acquired a staff of conjuration
  1876 | D:2      | Noticed Natasha
  1888 | D:2      | Killed Natasha
  1889 | D:2      | Reached skill level 1 in Shields
  1889 | D:2      | Reached XP level 4. HP: 32/32 MP: 2/7
  1953 | D:2      | Noticed Natasha
  1966 | D:2      | Killed Natasha
  2021 | D:3      | Noticed an ogre
  2026 | D:3      | Killed an ogre
  2027 | D:3      | Gained mutation: You regenerate a little health from kills.
                  | [demonic ancestry]
  2027 | D:3      | Reached XP level 5. HP: 38/38 MP: 0/9
  2031 | D:3      | Learned a level 3 spell: Dazzling Flash
  2723 | D:3      | Reached XP level 6. HP: 44/44 MP: 5/10
  2966 | D:3      | Found Wimef's Antique Weapon Shoppe.
  3163 | D:3      | You fall into a shaft and drop 1 floor!
  3169 | D:4      | Learned a level 4 spell: Iskenderun's Mystic Blast
  3195 | D:4      | Noticed an orc warrior
  3207 | D:4      | Found a shimmering altar of Xom.
  3210 | D:4      | Found a stormy altar of Qazlal.
  3211 | D:4      | Found an ornate altar of the Wu Jian Council.
  3213 | D:4      | Found a shadowy altar of Dithmenos.
  3214 | D:4      | Found a snail-covered altar of Cheibriados.
  3215 | D:4      | Found a hazy altar of Hepliaklqana.
  3336 | D:4      | Reached skill level 1 in Hexes
  4270 | D:4      | Slain by an orc warrior

Illustrated notes

Levels and vault maps discovered:
D:1:      ncdulo_lavacross, layout_basic, shapermc_ecumenical_altar_notcrosses,
          dreamdust_mushroom_princess, minmay_domino_4
D:2:      layout_loops_ring, uniq_natasha
D:3:      layout_basic, serial_shops, shop, chequers_serial_rivers_small_a,
          minivault_24, minmay_misc_feat_diagonals
D:4:      layout_rooms, minitemple, minmay_box_of_dots

Skill      XL: |  1  2  3  4  5  6 |
---------------+-------------------+-----
Stealth        | 2 3 |  3.1
Dodging        | 2 3 |  3.1
Fighting       | 1 2 |  2.3
Shields        | 1 2 |  2.0
Spellcasting   | 3 |  3.2
Hexes          | 1 |  1.0
Conjurations   | |  4.9
Translocations | |  0.6

Action                   |  1- 3 |  4- 6 || total
-------------------------+-------+-------++-------
Melee: Unarmed           |       |    13 ||    13
       Staff             |       |     8 ||     8
       Short sword       |       |     1 ||     1
 Cast: Magic Dart        |    33 |    47 ||    80
       Searing Ray       |     6 |    21 ||    27
       Dazzling Flash    |       |     1 ||     1
  Use: Scroll            |     7 |     6 ||    13
Armor: Skin              |       |     8 ||     8
Dodge: Dodged            |       |    21 ||    21
Block: Buckler           |       |     9 ||     9
